Map: 凯罗斯中转站-天梯版

Players

Elazer

  • Race: Zerg Zerg

Maru - Winner!

  • Race: Terran Terran
  • League: Gold

VOD

Have the link to the VOD?

Description

Time

  • Played on: March 13, 2019, 6:55 a.m.
  • Length: 7:07
Show
View Real Time Build Order
Export as new Build Order

Elazer Zerg 

Build Orders: Hatch First 

Get SALT Encoding   

  12  0:00  Drone  
  13  0:12  Overlord  
  13  0:17  Drone  
  14  0:30  Drone x2  
  16  0:48  Hatchery  
  15  0:50  Drone  
  15  0:54  Drone  
  17  0:57  Drone  
  18  1:08  Extractor  
  17  1:12  Spawning Pool  
  17  1:15  Drone  
  17  1:19  Drone  
  18  1:29  Drone  
  19  1:38  Drone  
  20  1:50  Drone  
  21  1:59  Queen x2  
  21  2:00  Zergling x4  
  27  2:13  Hatchery  
  26  2:17  Overlord  
  26  2:21  Drone  
  27  2:25  Drone  
  28  2:38  Drone x3, Metabolic Boost  
  28  2:44  Queen  
  31  2:49  Overlord  
  33  2:52  Drone  
  33  2:57  Drone  
  33  2:58  Drone  
  36  3:09  Drone x2  
  36  3:10  Drone  
  36  3:11  Zergling x2  
  36  3:12  Zergling x2  
  41  3:18  Overlord  
  41  3:21  Queen  
  41  3:23  Drone  
  41  3:25  Queen  
  46  3:32  Zergling x4  
  46  3:33  Drone  
  49  3:43  Drone x6  
  49  3:47  Overlord  
  56  3:48  Drone  
  56  3:57  Overlord  
  56  3:58  Queen  
  57  4:08  Overlord  
  56  4:12  Queen  
  56  4:13  Overlord  
  56  4:14  Drone x4  
  56  4:16  Drone  
  63  4:19  Queen  
  63  4:21  Drone  
  63  4:23  Drone  
  67  4:26  Zergling x2  
  67  4:27  Zergling x2  
  69  4:34  Overlord, Drone x4  
  72  4:42  Drone x3  
  72  4:44  Drone, Evolution Chamber  
  75  4:45  Drone  
  75  4:47  Evolution Chamber  
  75  4:50  Overlord  
  75  4:51  Drone x2  
  75  4:52  Drone  
  78  4:55  Overlord  
  78  5:00  Drone x3  
  78  5:01  Extractor x2  
  78  5:05  Extractor, Lair  
  78  5:06  Overlord  
  78  5:08  Drone  
  78  5:10  Drone x2  
  81  5:19  Drone x3  
  81  5:20  Extractor, Drone  
  84  5:22  Drone  
  84  5:23  Drone  
  84  5:24  Overlord  
  84  5:27  Drone x2  
  88  5:30  Overlord  
  88  5:31  Drone x2  
  88  5:34  Baneling Nest  
  89  5:39  Drone  
  90  5:48  Zergling x12  
  96  5:52  Hatchery  
  96  5:54  Overlord  
  95  5:58  Zergling x4  
  95  6:03  Hatchery  
  95  6:05  Zergling x12  
  101  6:12  Overlord  
  101  6:14  Zergling x4  
  101  6:17  Overlord  
  103  6:20  Baneling x4  
  103  6:22  Zergling x10  
  103  6:25  Overlord  
  108  6:27  Zergling x4  
  108  6:32  Baneling x4  
  105  6:41  Zergling x8  
  105  6:46  Zergling x12  
  102  6:50  Zergling x2  
Show
View Real Time Build Order
Export as new Build Order

Maru Terran - Winner!

Build Orders: Gas First Reaper Expand 

Get SALT Encoding   

  12  0:00  SCV  
  13  0:13  SCV  
  14  0:17  Supply Depot  
  14  0:25  SCV  
  15  0:31  Refinery  
  15  0:38  SCV  
  16  0:43  Barracks  
  16  0:50  SCV  
  17  1:02  SCV  
  18  1:14  SCV  
  19  1:30  Reaper, Orbital Command  
  20  1:41  Command Center  
  20  1:52  Factory  
  20  1:56  SCV  
  21  2:07  Barracks Reactor  
  21  2:08  SCV  
  22  2:12  Supply Depot  
  22  2:15  Refinery  
  22  2:20  SCV  
  23  2:33  SCV  
  24  2:44  Starport  
  24  2:45  SCV  
  24  2:48  Hellion x2  
  29  2:53  Orbital Command  
  29  2:57  SCV  
  30  3:06  Barracks Tech Lab  
  30  3:09  SCV  
  30  3:10  Hellion x2  
  35  3:21  Viking  
  35  3:22  SCV x2  
  39  3:32  Marine  
  39  3:34  Supply Depot, SCV  
  41  3:36  Stimpack, SCV  
  42  3:46  SCV  
  43  3:48  SCV  
  43  3:52  Barracks  
  44  3:56  Barracks  
  44  3:58  SCV  
  44  4:00  SCV  
  46  4:03  Supply Depot  
  46  4:10  SCV  
  46  4:11  Factory Tech Lab, Starport Reactor  
  46  4:12  SCV  
  46  4:15  Engineering Bay  
  48  4:22  SCV  
  49  4:24  Marine, SCV  
  49  4:26  Supply Depot  
  51  4:32  Supply Depot  
  51  4:33  Siege Tank  
  51  4:34  SCV  
  51  4:37  SCV  
  56  4:43  Terran Infantry Weapons Level 1  
  56  4:46  SCV  
  56  4:49  SCV  
  56  4:51  Marine x2  
  56  4:52  Marine x3  
  63  4:57  Starport Reactor  
  63  4:58  SCV  
  64  5:00  Refinery  
  64  5:01  SCV  
  64  5:04  Supply Depot  
  64  5:05  Siege Tank  
  68  5:09  Marine x4  
  68  5:12  Marine  
  73  5:21  Supply Depot  
  73  5:27  Marine x4  
  77  5:30  Marine  
  77  5:32  SCV  
  77  5:33  Medivac x2, Supply Depot  
  83  5:37  Combat Shield  
  83  5:45  Marine x4  
  83  5:47  Marine, SCV, Supply Depot  
  89  5:53  Siege Tank  
  92  6:03  Marine x4, Supply Depot  
  96  6:05  Marine  
  97  6:11  Medivac  
  97  6:17  Medivac  
  101  6:20  Marine x2  
  101  6:21  Marine x2  
  101  6:23  Marine  
  106  6:32  SCV  
  107  6:33  Supply Depot  
  107  6:38  Marine x3  
  107  6:39  Marine  
  111  6:41  Marine  
  111  6:44  SCV  
Tags
 
Add a new tag
Caveats
  • Supply blocks, unpowered buildings, or Contaminate may cause inaccurate times.
  • Supply counts are checked every 10 seconds.